2363 views
Uploaded 2021-08-17 09:31:19
Game version 1.32.10
22:18 long 1on1 ladder game on (2)BrightwaterOasis
Saved by aom
2363 views
Uploaded 2021-08-17 09:31:19
Game version 1.32.10
22:18 long 1on1 ladder game on (2)BrightwaterOasis

37 units @ 5.9k
/ 1.1k
27 buildings @ 4.4k
/ 1.5k



| Rod of Necromancy | 2 | 300 |
| Sacrificial Skull | 2 | 100 |
| Orb of Corruption | 1 | 375 |
| Scroll of Town Portal | 5 | 1750 |
| Scroll of Healing | 2 | 500 |
| Potion of Lesser Invulnerability | 2 | 300 |
| Scroll of Protection | 2 | 300 |
| total: | 16 | 3625g |
| Acolyte | 22 | 1650 | / | 0 |
| Ghoul | 2 | 240 | / | 0 |
| Crypt Fiend | 6 | 1290 | / | 240 |
| Frost Wyrm | 6 | 2310 | / | 720 |
| Goblin Shredder | 1 | 375 | / | 100 |
| total: | 37 | 5865g | / | 1060w |
| Spirit Tower | 4 | 580 | / | 160 |
| Nerubian Tower | 1 | 100 | / | 20 |
| Crypt | 1 | 200 | / | 50 |
| Graveyard | 2 | 430 | / | 0 |
| Ziggurat | 16 | 2400 | / | 800 |
| Altar of Darkness | 1 | 180 | / | 50 |
| Tomb of Relics | 1 | 130 | / | 30 |
| Necropolis | 3 | 675 | / | 0 |
| Sacrificial Pit | 1 | 75 | / | 150 |
| Boneyard | 2 | 350 | / | 400 |
| Halls of the Dead | 1 | 320 | / | 210 |
| Black Citadel | 1 | 325 | / | 230 |
| total: | 27 | 4440g | / | 1480w |
| 0:02 | Acolyte |
| 0:02 | Acolyte |
| 0:11 | Crypt |
| 0:18 | Graveyard |
| 0:39 | Ziggurat |
| 0:56 | Altar of Darkness |
| 1:12 | Ghoul |
| 1:21 | Ghoul |
| 1:53 | Ziggurat |
| 1:57 | Tomb of Relics |
| 2:23 | Crypt Fiend |
| 2:35 | Crypt Fiend |
| 2:58 | Carrion Beetles |
| 3:02 | Rod of Necromancy |
| 3:04 | Sacrificial Skull |
| 3:39 | Acolyte |
| 3:55 | Halls of the Dead |
| 3:59 | Spirit Tower |
| 4:20 | Ziggurat |
| 4:26 | Ziggurat |
| 4:29 | Impale |
| 5:07 | Necropolis |
| 5:27 | Spirit Tower |
| 5:30 | Nerubian Tower |
| 6:11 | Carrion Beetles |
| 6:45 | Acolyte |
| 6:45 | Acolyte |
| 6:45 | Acolyte |
| 6:46 | Acolyte |
| 7:05 | Web |
| 7:26 | Goblin Shredder |
| 8:02 | Black Citadel |
| 8:06 | Scroll of Town Portal |
| 8:09 | Unholy Aura |
| 9:02 | Sacrificial Pit |
| 9:10 | Ziggurat |
| 9:14 | Ziggurat |
| 9:20 | Rod of Necromancy |
| 9:37 | Sacrificial Skull |
| 10:04 | Spirit Tower |
| 10:13 | Impale |
| 10:17 | Spirit Tower |
| 10:23 | Death Coil |
| 10:56 | Necropolis |
| 11:01 | Acolyte |
| 11:02 | Acolyte |
| 11:02 | Acolyte |
| 11:03 | Acolyte |
| 11:24 | Crypt Fiend |
| 11:53 | Crypt Fiend |
| 12:10 | Scroll of Town Portal |
| 12:30 | Acolyte |
| 12:31 | Acolyte |
| 12:31 | Acolyte |
| 12:31 | Acolyte |
| 12:32 | Acolyte |
| 12:38 | Scroll of Town Portal |
| 12:38 | Orb of Corruption |
| 12:41 | Frost Armor |
| 12:57 | Ziggurat |
| 12:59 | Ziggurat |
| 13:00 | Ziggurat |
| 13:01 | Ziggurat |
| 13:03 | Ziggurat |
| 13:21 | Crypt Fiend |
| 13:46 | Crypt Fiend |
| 13:50 | Death Coil |
| 13:59 | Boneyard |
| 14:02 | Boneyard |
| 14:04 | Acolyte |
| 14:24 | Scroll of Town Portal |
| 14:25 | Scroll of Healing |
| 15:08 | Acolyte |
| 15:18 | Freezing Breath |
| 15:19 | Frost Wyrm |
| 16:04 | Frost Wyrm |
| 16:10 | Creature Carapace |
| 16:17 | Acolyte |
| 16:17 | Acolyte |
| 16:18 | Acolyte |
| 16:18 | Acolyte |
| 16:50 | Frost Wyrm |
| 16:50 | Frost Wyrm |
| 17:08 | Scroll of Town Portal |
| 17:30 | Scroll of Healing |
| 17:48 | Potion of Lesser Invulnerability |
| 18:09 | Frost Nova |
| 18:31 | Frost Wyrm |
| 19:32 | Frost Wyrm |
| 20:05 | Graveyard |
| 20:23 | Ziggurat |
| 20:24 | Ziggurat |
| 20:25 | Ziggurat |
| 20:26 | Ziggurat |
| 20:28 | Ziggurat |
| 20:44 | Potion of Lesser Invulnerability |
| 20:44 | Scroll of Protection |
| 20:56 | Scroll of Protection |
| 21:23 | Necropolis |
| Select | 316 |
| Right click | 226 |
| Select group | 134 |
| Build/train/purchase | 99 |
| Misc. action | 49 |
| Use ability | 31 |
| Assign group | 24 |
| Esc | 9 |
| Item give/drop | 6 |
| Chat | 6 |
30 units @ 4.7k
/ 0.8k
15 buildings @ 2.3k
/ 0.9k



| Rod of Necromancy | 4 | 600 |
| Ritual Dagger | 1 | 125 |
| Orb of Corruption | 3 | 1125 |
| Potion of Healing | 2 | 300 |
| Scroll of Healing | 1 | 250 |
| Scroll of Town Portal | 3 | 1050 |
| Periapt of Vitality | 1 | 325 |
| Circlet of Nobility | 2 | 350 |
| Scroll of Protection | 1 | 150 |
| total: | 18 | 4275g |
| Acolyte | 10 | 750 | / | 0 |
| Ghoul | 4 | 480 | / | 0 |
| Crypt Fiend | 3 | 645 | / | 120 |
| Gargoyle | 6 | 1050 | / | 180 |
| Abomination | 4 | 960 | / | 280 |
| Obsidian Statue | 2 | 400 | / | 70 |
| Goblin Shredder | 1 | 375 | / | 100 |
| total: | 30 | 4660g | / | 750w |
| Nerubian Tower | 1 | 100 | / | 20 |
| Spirit Tower | 2 | 290 | / | 80 |
| Altar of Darkness | 1 | 180 | / | 50 |
| Ziggurat | 6 | 900 | / | 300 |
| Crypt | 1 | 200 | / | 50 |
| Tomb of Relics | 2 | 260 | / | 60 |
| Graveyard | 1 | 215 | / | 0 |
| Necropolis | 1 | 225 | / | 0 |
| Slaughterhouse | 2 | 280 | / | 270 |
| Sacrificial Pit | 1 | 75 | / | 150 |
| Halls of the Dead | 1 | 320 | / | 210 |
| Black Citadel | 1 | 325 | / | 230 |
| total: | 15 | 2335g | / | 880w |
| 0:03 | Acolyte |
| 0:04 | Altar of Darkness |
| 0:06 | Ziggurat |
| 0:16 | Acolyte |
| 0:34 | Crypt |
| 1:00 | Tomb of Relics |
| 1:24 | Graveyard |
| 1:34 | Ghoul |
| 1:35 | Ghoul |
| 1:55 | Ghoul |
| 2:03 | Death Coil |
| 2:05 | Rod of Necromancy |
| 2:26 | Ghoul |
| 2:45 | Halls of the Dead |
| 2:59 | Ziggurat |
| 3:25 | Cannibalize |
| 3:27 | Unholy Armor |
| 3:59 | Unholy Aura |
| 4:01 | Crypt Fiend |
| 4:09 | Rod of Necromancy |
| 4:11 | Ritual Dagger |
| 5:05 | Goblin Shredder |
| 5:16 | Black Citadel |
| 6:29 | Death Coil |
| 6:48 | Periapt of Vitality |
| 6:54 | Circlet of Nobility |
| 6:59 | Crypt Fiend |
| 7:33 | Breath of Fire |
| 7:42 | Ghoul Frenzy |
| 7:43 | Gargoyle |
| 7:46 | Creature Attack |
| 7:55 | Scroll of Healing |
| 7:56 | Scroll of Protection |
| 8:07 | Circlet of Nobility |
| 8:27 | Creature Carapace |
| 8:29 | Slaughterhouse |
| 8:30 | Slaughterhouse |
| 9:39 | Unholy Aura |
| 9:41 | Drunken Brawler |
| 9:57 | Destroyer Form |
| 9:58 | Gargoyle |
| 10:03 | Improved Creature Attack |
| 10:06 | Ziggurat |
| 10:06 | Ziggurat |
| 10:57 | Gargoyle |
| 11:01 | Abomination |
| 11:25 | Orb of Corruption |
| 11:26 | Rod of Necromancy |
| 11:29 | Scroll of Town Portal |
| 11:30 | Potion of Healing |
| 11:39 | Acolyte |
| 11:50 | Acolyte |
| 12:28 | Acolyte |
| 12:28 | Acolyte |
| 12:29 | Acolyte |
| 12:34 | Obsidian Statue |
| 12:37 | Breath of Fire |
| 13:17 | Necropolis |
| 14:12 | Tomb of Relics |
| 14:13 | Ziggurat |
| 14:13 | Ziggurat |
| 14:57 | Obsidian Statue |
| 15:00 | Abomination |
| 15:01 | Crypt Fiend |
| 15:04 | Improved Creature Carapace |
| 15:11 | Scroll of Town Portal |
| 15:50 | Nerubian Tower |
| 15:51 | Spirit Tower |
| 16:19 | Abomination |
| 16:25 | Web |
| 16:25 | Burrow |
| 17:01 | Death Coil |
| 17:28 | Drunken Brawler |
| 17:49 | Acolyte |
| 17:50 | Acolyte |
| 17:50 | Acolyte |
| 17:53 | Abomination |
| 18:45 | Gargoyle |
| 18:54 | Carrion Swarm |
| 19:00 | Gargoyle |
| 19:08 | Orb of Corruption |
| 19:09 | Rod of Necromancy |
| 19:34 | Gargoyle |
| 19:45 | Potion of Healing |
| 19:46 | Orb of Corruption |
| 20:10 | Scroll of Town Portal |
| 20:42 | Sacrificial Pit |
| 21:43 | Vampiric Aura |
| 22:09 | Unholy Aura |
| Select group | 1635 |
| Right click | 740 |
| Select | 531 |
| Misc. action | 133 |
| Build/train/purchase | 110 |
| Use ability | 56 |
| Assign group | 42 |
| Item give/drop | 11 |
| Remove unit | 2 |